 Dungeon Crawl Stone Soup version 0.20-a0-972-gb9bd3e6 (webtiles) character file.

63 Murumi the Sneak (level 4, -4/38 HPs)
             Began as a Naga Enchanter on Apr 9, 2017.
             Slain by an orc
             ... wielding a +0 trident
              (7 damage)
             ... on level 3 of the Dungeon.
             The game lasted 00:06:05 (1898 turns).

Murumi the Sneak (Naga Enchanter)                   Turns: 1898, Time: 00:06:06

Health: -4/38      AC:  2    Str: 11    XL:     4   Next: 10%
Magic:  7/7        EV: 10    Int: 17    God:
Gold:   105        SH:  0    Dex: 12    Spells: 6/7 levels left

rFire    . . .     SeeInvis +   m - -3 dagger (curse)
rCold    . . .     Gourm    .   (no shield)
rNeg     . . .     Faith    .   b - +0 robe
rPois    +         Spirit   .   (no helmet)
rElec    .         Reflect  .   (no cloak)
rCorr    .         Harm     .   (no gloves)
MR       .....     Rnd*Tele +   (no barding)
Stlth    +++.......             (no amulet)
Regen    0.2/turn               l - +2 ring of intelligence
MPRegen  0.1/turn               n - ring of teleportation (curse)

@: short of breath, very slow
A: see invisible, deformed body, poison resistance, slowness 2, slow metabolism
1, spit poison 1, AC +1
a: Spit Poison


You were on level 3 of the Dungeon.
You were not hungry.

You visited 1 branch of the dungeon, and saw 4 of its levels.

You collected 105 gold pieces.

Inventory:

Hand Weapons
 a - a +1 dagger
 m - a cursed -3 dagger (weapon)
Armour
 b - a +0 robe (worn)
Jewellery
 l - a +2 ring of intelligence (left hand)
 n - a cursed ring of teleportation (right hand)
Wands
 j - a wand of digging (12/24)
Potions
 e - a potion of curing
 f - 2 potions of heal wounds
 h - 2 potions of haste {unknown}
 i - a potion of resistance {unknown}
 k - a potion of might {unknown}
Books
 c - a book of Maledictions

   Spells                             Type                      Level
   a - Corona                         Hexes                        1
   b - Ensorcelled Hibernation        Hexes/Ice                    2
   c - Confuse                        Hexes                        3
   d - Tukima's Dance                 Hexes                        3
   e - Dazzling Spray                 Conjuration/Hexes            3
Comestibles
 d - 2 bread rations
 g - 2 meat rations
 o - 3 chunks of flesh


   Skills:
 - Level 1.0 Fighting
 - Level 1.0 Short Blades
 - Level 1.5 Dodging
 + Level 7.2 Stealth
 - Level 2.0 Spellcasting
 - Level 3.0 Hexes


You had 6 spell levels left.
You knew the following spells:

 Your Spells              Type           Power        Failure   Level  Hunger
a - Corona                Hex            ##.....      6%          1    #......


Dungeon Overview and Level Annotations

Branches:
Dungeon (4/15)
 Temple: D:4-7

Altars:


Innate Abilities, Weirdness & Mutations

You cannot wear boots.
Your serpentine skin is tough. (AC +1)
You have supernaturally acute eyesight. (SInv)
Armour fits poorly on your strangely shaped body.
Your system is resistant to poisons. (rPois)
You cover ground very slowly.
You have a slow metabolism.
You can spit poison.


Message History

The orc barely misses you.
Press: ? - help, Shift-Dir - straight line, f - orc
Aim: an orc, wielding a trident (severely wounded)
The splash of poison misses the orc.
You feel slightly more hungry. The orc hits you with a trident.
* * * LOW HITPOINT WARNING * * *
Unknown command.
You hit the orc but do no damage.
The orc is heavily wounded.
The orc hits you but does no damage.
You hit the orc but do no damage.
The orc is heavily wounded.
You hit the orc.
The orc is severely wounded.
The orc hits you with a trident!
* * * LOW HITPOINT WARNING * * *
You hit the orc but do no damage.
The orc is heavily wounded.
The orc hits you with a trident!
You die...

........#
........##
######
.........
......
#.....###
.#####
#.....#
#.....#####
#..........
#..........
##.@.......
##o.......
#.####...
#.. .$. ##.
.. .. #. ..


You could see an orc.

Vanquished Creatures
  3 adders
  A worm (D:2)
  A dart slug (D:1)
  5 bats
  3 giant cockroaches
  6 goblins
  A hobgoblin (D:2)
  2 jackals (D:4)
  3 frilled lizards (D:1)
  6 kobolds
  3 rats
34 creatures vanquished.

Notes
Turn   | Place    | Note
-------+----------+-------------------------------------------
     0 | D:1      | Murumi the Naga Enchanter began the quest for the Orb.
     0 | D:1      | Reached XP level 1. HP: 15/15 MP: 3/3
   235 | D:1      | Reached skill level 5 in Stealth
   250 | D:1      | Reached XP level 2. HP: 24/24 MP: 1/5
   259 | D:1      | Reached skill level 1 in Fighting
   921 | D:2      | Reached skill level 6 in Stealth
   921 | D:2      | Reached XP level 3. HP: 21/31 MP: 4/6
  1680 | D:2      | You fall through a shaft for 2 floors!
  1687 | D:4      | Reached skill level 7 in Stealth
  1687 | D:4      | Reached XP level 4. HP: 29/38 MP: 7/7
  1898 | D:3      | Slain by an orc

Vault maps used:
D:1:      grunt_arrival_crossed_arrows
D:3:      old_standard_altar

Skill      XL: |  1  2  3 |
---------------+----------+-----
Stealth        | 5 6 7 |  7.2
Fighting       | 1 |  1.0
Short Blades   | |  1.0
Dodging        | |  1.5
Spellcasting   | |  2.0
Hexes          | |  3.0

Action                   |  1- 3 |  4- 6 || total
-------------------------+-------+-------++-------
Melee: Dagger            |    92 |    26 ||   118
 Cast: Corona            |     6 |       ||     6
 Abil: Spit Poison       |    12 |     3 ||    15
  Use: Scroll            |     6 |     1 ||     7
 Stab: Sleeping          |     9 |       ||     9
  Eat: Chunk             |     2 |     1 ||     3
Armor: Robe              |    13 |     9 ||    22
Dodge: Dodged            |    44 |    13 ||    57
